 Dungeon Crawl Stone Soup version 0.22.0-13-g43fe8f2 (webtiles) character file.

916 HaroldButt the Magician (level 8, -12/57 HPs)
             Began as a Gnoll Wizard on Aug 16, 2018.
             Was a Follower of Sif Muna.
             Mangled by a two-headed ogre
             ... wielding a +0 giant spiked club
              (29 damage)
             ... on level 5 of the Dungeon.
             The game lasted 00:27:15 (4508 turns).

HaroldButt the Magician (Gnoll Wizard)              Turns: 4508, Time: 00:27:15

Health: -12/57     AC:  5    Str: 11    XL:     8   Next: 9%
Magic:  14/19      EV: 15    Int: 22    God:    Sif Muna [*.....]
Gold:   262        SH:  0    Dex: 16    Spells: 11/22 levels left

rFire    . . .     SeeInvis .   l - +0 short sword (venom)
rCold    . . .     Gourm    .   (no shield)
rNeg     . . .     Faith    .   r - +0 leather armour (curse)
rPois    .         Spirit   .   b - +2 hat
rElec    .         Reflect  .   (no cloak)
rCorr    .         Harm     .   (no gloves)
MR       .....                  (no boots)
Stlth    +++.......             (no amulet)
HPRegen  0.19/turn              f - +3 ring of dexterity
MPRegen  0.16/turn              q - ring of wizardry

@: no status effects
A: distributed training, fangs 1, strong nose
a: Divine Energy, Renounce Religion


You were on level 5 of the Dungeon.
You worshipped Sif Muna.
Sif Muna was aware of your devotion.
You were not hungry.

You visited 1 branch of the dungeon, and saw 5 of its levels.

You collected 262 gold pieces.


Innate Abilities, Weirdness & Mutations

Your experience applies equally to all skills.
You have very sharp teeth.
Your uncanny sense of smell can sniff out nearby items.


   Skills:
 + Level 2.9 Fighting
 + Level 2.9 Short Blades
 + Level 2.9 Long Blades
 + Level 2.9 Axes
 + Level 2.9 Maces & Flails
 + Level 2.9 Polearms
 + Level 2.9 Staves
 + Level 2.9 Slings
 + Level 2.9 Bows
 + Level 2.9 Crossbows
 + Level 2.9 Throwing
 + Level 2.9 Armour
 + Level 5.4 Dodging
 + Level 5.1 Stealth
 + Level 2.9 Shields
 + Level 2.9 Unarmed Combat
 + Level 7.7 Spellcasting
 + Level 3.2 Conjurations
 + Level 2.3 Hexes
 + Level 2.3 Charms
 + Level 3.2 Summonings
 + Level 2.3 Necromancy
 + Level 3.2 Translocations
 + Level 2.3 Transmutations
 + Level 2.3 Fire Magic
 + Level 2.3 Ice Magic
 + Level 2.3 Air Magic
 + Level 2.3 Earth Magic
 + Level 2.3 Poison Magic
 + Level 3.2 Invocations
 + Level 2.9 Evocations


You had 11 spell levels left.
You knew the following spells:

 Your Spells              Type           Power        Failure   Level  Hunger
b - Blink                 Tloc           N/A          1%          2    None
c - Mephitic Cloud        Conj/Pois/Air  ###.....     4%          3    None
x - Call Imp              Summ           ###.....     1%          2    None
z - Magic Dart            Conj           ###.         1%          1    None
Z - Conjure Flame         Conj/Fire      ###.....     4%          3    None

Your spell library contained the following spells:

 Spells                   Type           Power        Failure   Level  Hunger
 Slow                     Hex            ###.....     2%          2    None

Inventory:

Hand Weapons
 e - a +0 dagger
 l - a +0 short sword of venom (weapon)
 y - a +0 quarterstaff
 C - a +0 halberd
Missiles
 A - 5 silver tomahawks (quivered)
 B - 5 tomahawks
 D - 2 throwing nets {=f}
Armour
 a - a +0 robe
 b - a +2 hat (worn)
 r - a cursed +0 leather armour (worn)
Jewellery
 f - a +3 ring of dexterity (left hand)
 q - a ring of wizardry (right hand)
 v - an uncursed ring of resist corrosion
Scrolls
 i - 2 scrolls of remove curse
 j - 4 scrolls of amnesia
 t - a scroll of immolation {!r}
 w - a scroll of fog
Potions
 c - a potion of heal wounds {@q2}
 g - a potion of ambrosia
 h - a potion of brilliance {unknown}
 k - 2 potions of curing {@q1}
 n - 2 potions of invisibility {unknown}
 p - 2 potions of cancellation
 s - a potion of haste {unknown}
 u - 3 potions of flight
 z - a potion of degeneration {unknown}
Comestibles
 d - 8 rations
 m - 4 chunks of flesh

Dungeon Overview and Level Annotations

Branches:
Dungeon (5/15)
 Temple: D:4-7

Altars:
Dithmenos
Elyvilon
Gozag
Makhleb
Nemelex Xobeh
Sif Muna
Trog
Yredelemnul

Shops:
D:3

* ....▒ ▒▒... ▒▒▒▒ ▒....
..▒▒▒▒▒▒▒▒▒▒ . ....
▒.▒▒.......▒ .Z.
▒..▒#▒▒▒.▒▒.▒▒▒▒▒.▒
....▒▒..▒▒#.##g.....▒▒.▒
▒....▒.▒▒▒O▒▒.▒▒.▒▒.▒
▒.....▒▒▒.▒▒.▒▒.▒▒.▒
.....Z..▒o†...▒▒[......▒
........▒▒▒▒▒▒▒▒....▒▒▒▒
▒▒...▒▒▒▒ ▒.▒▒▒▒ ▒.o▒▒ ∆
▒.▒ ▒...▒ ▒.▒ ▒.▒..▒ .
▒.▒


You could see a two-headed ogre (confused).


Message History

The stinking cloud engulfs the two-headed ogre.
You hear a shout!
The two-headed ogre is engulfed in noxious fumes.
The two-headed ogre is engulfed in noxious fumes.
Things that are here:
a flail a leather armour Cast which spell? (? or * to list)
Aiming: Mephitic Cloud (safe; 4% risk of failure)
Press: ? - help, Shift-Dir - straight line, f/p - two-headed ogre
Aim: a two-headed ogre, wielding a giant spiked club and a giant club (lightly wounded)
The ball explodes into a vile cloud!
The stinking cloud engulfs the two-headed ogre.
The two-headed ogre is lightly wounded.
The two-headed ogre is engulfed in noxious fumes.
The two-headed ogre is engulfed in noxious fumes.
The two-headed ogre appears confused.
You hit the two-headed ogre.
The two-headed ogre is poisoned.
The two-headed ogre is lightly wounded.
The two-headed ogre misses you.
The two-headed ogre hits you with a giant club!!
* * * LOW HITPOINT WARNING * * *
You hit the two-headed ogre.
You bite the two-headed ogre, but do no damage.
The two-headed ogre is lightly wounded.
The two-headed ogre is engulfed in noxious fumes.
The two-headed ogre hits you with a giant spiked club!!
Ouch! That really hurt!
You die...

Action                   |  1- 3 |  4- 6 |  7- 9 || total
-------------------------+-------+-------+-------++-------
Melee: Dagger            |    13 |    31 |    37 ||    81
       Bite              |     1 |     6 |    14 ||    21
       Spear             |       |    56 |       ||    56
       Halberd           |       |       |    53 ||    53
       Short sword       |       |       |    13 ||    13
 Cast: Magic Dart        |    66 |   109 |    48 ||   223
       Conjure Flame     |       |    10 |     7 ||    17
       Mephitic Cloud    |       |     6 |     8 ||    14
  Use: Scroll            |       |     7 |     8 ||    15
 Stab: Sleeping          |     1 |       |       ||     1
       Confused          |       |     4 |     4 ||     8
       Distracted        |       |       |     1 ||     1
  Eat: Chunk             |       |     8 |     3 ||    11
Armor: Robe              |     3 |     3 |     3 ||     9
       Leather armour    |       |       |     9 ||     9
Dodge: Dodged            |    20 |    22 |    62 ||   104

Vault maps used:
D:1:      lightli_arrival_flooded_house, nemelex_diamond_rough_becter
D:2:      wad_lake_hut, grunt_temple_overflow_open
D:3:      nicolae_gozag_zags_fifth_avenue, marbit_many_paths
D:4:      uniq_natasha
D:5:      nicolae_tso_besieged_by_evil, temple_pool_b, serial_undead,
          serial_undead_d, serial_undead_c, serial_undead_c, serial_undead_a,
          first_ration, uniq_prince_ribbit1

Notes
Turn   | Place    | Note
-------+----------+-------------------------------------------
     0 | D:1      | HaroldButt the Gnoll Wizard began the quest for the Orb.
     0 | D:1      | Reached XP level 1. HP: 13/13 MP: 8/8
    81 | D:1      | Reached skill level 2 in Conjurations
    81 | D:1      | Reached skill level 2 in Summonings
    81 | D:1      | Reached skill level 2 in Translocations
    81 | D:1      | Reached XP level 2. HP: 19/19 MP: 3/10
   153 | D:1      | Learned a level 2 spell: Call Imp
   249 | D:1      | Learned a level 2 spell: Blink
   485 | D:1      | Found a sparkling altar of Nemelex Xobeh.
   544 | D:1      | Reached XP level 3. HP: 25/25 MP: 7/11
   768 | D:2      | Reached skill level 1 in Invocations
   826 | D:2      | Found a white marble altar of Elyvilon.
   828 | D:2      | Found a burning altar of Makhleb.
   828 | D:2      | Found a bloodstained altar of Trog.
   828 | D:2      | Found a deep blue altar of Sif Muna.
   832 | D:2      | Found a basalt altar of Yredelemnul.
   847 | D:2      | Became a worshipper of Sif Muna the Loreminder
   897 | D:2      | Reached skill level 1 in Fighting
   897 | D:2      | Reached skill level 1 in Short Blades
   897 | D:2      | Reached skill level 1 in Long Blades
   897 | D:2      | Reached skill level 1 in Axes
   897 | D:2      | Reached skill level 1 in Maces & Flails
   897 | D:2      | Reached skill level 1 in Polearms
   897 | D:2      | Reached skill level 1 in Staves
   897 | D:2      | Reached skill level 1 in Slings
   897 | D:2      | Reached skill level 1 in Bows
   897 | D:2      | Reached skill level 1 in Crossbows
   897 | D:2      | Reached skill level 1 in Throwing
   897 | D:2      | Reached skill level 1 in Armour
   897 | D:2      | Reached skill level 1 in Shields
   897 | D:2      | Reached skill level 1 in Unarmed Combat
   897 | D:2      | Reached skill level 1 in Evocations
   897 | D:2      | Reached XP level 4. HP: 32/32 MP: 2/13
   905 | D:2      | Learned a level 3 spell: Mephitic Cloud
  1730 | D:3      | Reached skill level 1 in Hexes
  1730 | D:3      | Reached skill level 1 in Charms
  1730 | D:3      | Reached skill level 1 in Necromancy
  1730 | D:3      | Reached skill level 1 in Transmutations
  1730 | D:3      | Reached skill level 1 in Fire Magic
  1730 | D:3      | Reached skill level 1 in Ice Magic
  1730 | D:3      | Reached skill level 1 in Air Magic
  1730 | D:3      | Reached skill level 1 in Earth Magic
  1730 | D:3      | Reached skill level 1 in Poison Magic
  1998 | D:3      | Learned a level 3 spell: Conjure Flame
  2026 | D:3      | Found Gozag's Platinum Reserve.
  2030 | D:3      | Found an opulent altar of Gozag.
  2159 | D:3      | Reached XP level 5. HP: 29/37 MP: 7/14
  2267 | D:3      | Found a shadowy altar of Dithmenos.
  2611 | D:4      | Noticed Natasha
  2626 | D:4      | Killed Natasha
  2682 | D:4      | Noticed Natasha
  2694 | D:4      | Killed Natasha
  2694 | D:4      | Reached skill level 2 in Invocations
  2694 | D:4      | Reached XP level 6. HP: 33/44 MP: 9/16
  2936 | D:4      | Noticed a phantom
  2997 | D:4      | Killed a phantom
  2997 | D:4      | Reached skill level 2 in Fighting
  2997 | D:4      | Reached skill level 2 in Short Blades
  2997 | D:4      | Reached skill level 2 in Long Blades
  2997 | D:4      | Reached skill level 2 in Axes
  2997 | D:4      | Reached skill level 2 in Maces & Flails
  2997 | D:4      | Reached skill level 2 in Polearms
  2997 | D:4      | Reached skill level 2 in Staves
  2997 | D:4      | Reached skill level 2 in Slings
  2997 | D:4      | Reached skill level 2 in Bows
  2997 | D:4      | Reached skill level 2 in Crossbows
  2997 | D:4      | Reached skill level 2 in Throwing
  2997 | D:4      | Reached skill level 2 in Armour
  2997 | D:4      | Reached skill level 5 in Dodging
  2997 | D:4      | Reached skill level 2 in Shields
  2997 | D:4      | Reached skill level 2 in Unarmed Combat
  2997 | D:4      | Reached skill level 2 in Evocations
  3570 | D:4      | Reached XP level 7. HP: 50/50 MP: 14/18
  3889 | D:4      | Reached skill level 2 in Hexes
  3889 | D:4      | Reached skill level 2 in Charms
  3889 | D:4      | Reached skill level 2 in Necromancy
  3889 | D:4      | Reached skill level 2 in Transmutations
  3889 | D:4      | Reached skill level 2 in Fire Magic
  3889 | D:4      | Reached skill level 2 in Ice Magic
  3889 | D:4      | Reached skill level 2 in Air Magic
  3889 | D:4      | Reached skill level 2 in Earth Magic
  3889 | D:4      | Reached skill level 2 in Poison Magic
  3936 | D:5      | Entered Level 5 of the Dungeon
  3947 | D:5      | Reached skill level 3 in Conjurations
  3947 | D:5      | Reached skill level 3 in Summonings
  3947 | D:5      | Reached skill level 3 in Translocations
  4068 | D:4      | Noticed Natasha
  4079 | D:4      | Killed Natasha
  4182 | D:5      | Reached skill level 5 in Stealth
  4237 | D:5      | Reached * piety under Sif Muna
  4245 | D:5      | Reached skill level 3 in Invocations
  4425 | D:5      | Reached XP level 8. HP: 57/57 MP: 16/19
  4499 | D:5      | Noticed a two-headed ogre
  4508 | D:5      | Mangled by a two-headed ogre

Vanquished Creatures
  A phantom (D:4)
  An ogre (D:4)
  A howler monkey (D:5)
  3 crimson imps
  A quasit (D:5)
  3 hounds
  2 orc priests (D:4)
  A bullfrog skeleton (D:5)
  An iguana (D:5)
  3 worker ants
  Natasha (thrice) (D:4)
  A hound zombie (D:5)
  4 gnolls (D:4)
  8 adders
  An ooze (D:2)
  A worm (D:2)
  2 dart slugs
  2 leopard geckos
  15 orcs
  3 bats
  4 giant cockroaches
  9 goblins
  7 hobgoblins
  2 jackals (D:3)
  2 quokkas
  A ball python (D:2)
  4 frilled lizards
  A goblin zombie (D:5)
  3 hobgoblin zombies (D:5)
  8 kobolds
  A leopard gecko skeleton (D:4)
  9 rats
108 creatures vanquished.
